Islander vs Thunderbirds

Created - November 26, 2025 at 19:01

Goals
1 2 3 T
Islander 0 0 0 0
Thunderbirds 1 2 2 5
Shots
1 2 3 T
Islander 4 9 6 19
Thunderbirds 4 7 13 24

1st period

1. Thunderbirds , Robert Thomas 7 (Emil Bemstrom 6) at 3:04 (PP)

Penalties :
Luke Tuch (BRI) for Tripping (Minor) at 2:56, Austin Watson (BRI) for Holding (Minor) at 16:58

2nd period

2. Thunderbirds , Nicholas Robertson 2 (Sami Niku 3, Emil Larmi) at 2:28
3. Thunderbirds , Noah Gregor 6 (Jakob Pelletier 1, Nicholas Robertson 3) at 8:52

Penalties :
No Penalty

3rd period

4. Thunderbirds , Michael Rasmussen 6 (Robert Thomas 5) at 9:45
5. Thunderbirds , Paul Cotter 2 (Trey Fix-Wolansky 5, Rasmus Kupari 3) at 10:20

Penalties :
Filip Zadina (BRI) for Delaying the game (Minor) at 1:23, Jakub Galvas (BRI) for Tripping (Minor) at 10:29, Austin Watson (BRI) for High sticking (Minor) at 16:00, Artturi Lehkonen (Spr) for Roughing (Minor) at 18:55

Goalie Stats

Chris Driedger (BRI), 14 saves from 18 shots - (0.778), L, 5-3-0, 49:45 minutes
Frederik Dichow (BRI), 5 saves from 6 shots - (0.833), 10:15 minutes
Emil Larmi (Spr), 19 saves from 19 shots - (1.000), W, 4-4-1, 60:00 minutes

Players Stats for Islander

Player Name              G  A  P  +/- PIM S  H  SB GA TA FO     MP     PP MP  PK MP  
------------------------------------------------------------------------------------
                         0  0  0   0  0   0  0  0  0  0  0/0     0:00   0:00   0:00 
                         0  0  0   0  0   0  0  0  0  0  0/0     0:00   0:00   0:00 
                         0  0  0   0  0   0  0  0  0  0  0/0     0:00   0:00   0:00 
                         0  0  0   0  0   0  0  0  0  0  0/0     0:00   0:00   0:00 
                         0  0  0   0  0   0  0  0  0  0  0/0     0:00   0:00   0:00 
                         0  0  0   0  0   0  0  0  0  0  0/0     0:00   0:00   0:00 
                         0  0  0   0  0   0  0  0  0  0  0/0     0:00   0:00   0:00 
Alex Steeves             0  0  0  -3  0   1  2  1  0  0  1/4    11:34   0:00   0:23 
Alexander Yelesin        0  0  0  -1  0   0  0  2  0  1  0/0    19:00   0:00   3:27 
Austin Watson            0  0  0   0  4   2  1  0  0  1  0/1    16:38   0:40   0:00 
Ben Thomson              0  0  0   0  0   2  1  1  3  0  2/3    20:28   0:40   3:54 
Casey Staum              0  0  0  -1  0   0  1  1  1  0  0/0    18:57   0:00   3:43 
Connor Dewar             0  0  0  -1  0   3  1  0  0  0  3/6    18:23   0:24   3:03 
Filip Zadina             0  0  0  -1  2   0  1  1  1  0  0/0    17:23   0:24   2:07 
Jake Walman              0  0  0  -1  0   2  1  3  0  2  0/0    26:36   1:04   4:37 
Jakub Galvas             0  0  0  -1  2   0  1  1  0  4  0/0    25:46   1:04   3:21 
Kirill Marchenko         0  0  0  -3  0   1  2  0  1  1  1/2    10:47   0:00   0:00 
Luke Tuch                0  0  0   0  2   0  1  0  0  0  0/0    11:48   0:00   2:21 
Noah Cates               0  0  0  -3  0   1  1  0  0  0  0/0    11:46   0:00   0:26 
Philip Tomasino          0  0  0   0  0   2  3  0  0  0  2/3     9:06   0:00   0:00 
Rhett Gardner            0  0  0   0  0   1  5  0  0  0  11/27  20:28   0:40   3:54 
Ronnie Attard            0  0  0  -2  0   1  0  0  0  0  0/0    15:07   0:00   1:00 
Ross Colton              0  0  0  -1  0   1  3  1  0  1  0/0    14:59   0:24   0:00 
Steven Spinner           0  0  0   0  0   0  1  0  0  0  0/0     9:06   0:00   0:00 
Ville Heinola            0  0  0  -2  0   2  0  1  0  0  0/0    13:59   0:00   0:00 

Players Stats for Thunderbirds

Player Name              G  A  P  +/- PIM S  H  SB GA TA FO     MP     PP MP  PK MP  
------------------------------------------------------------------------------------
                         0  0  0   0  0   0  0  0  0  0  0/0     0:00   0:00   0:00 
                         0  0  0   0  0   0  0  0  0  0  0/0     0:00   0:00   0:00 
                         0  0  0   0  0   0  0  0  0  0  0/0     0:00   0:00   0:00 
                         0  0  0   0  0   0  0  0  0  0  0/0     0:00   0:00   0:00 
                         0  0  0   0  0   0  0  0  0  0  0/0     0:00   0:00   0:00 
                         0  0  0   0  0   0  0  0  0  0  0/0     0:00   0:00   0:00 
                         0  0  0   0  0   0  0  0  0  0  0/0     0:00   0:00   0:00 
Alex Vlasic              0  0  0   0  0   0  1  0  0  0  0/0    22:39   5:06   0:58 
Anthony Richard          0  0  0   1  0   1  2  0  1  0  3/8    18:51   3:34   0:56 
Artturi Lehkonen         0  0  0   1  2   3  4  0  0  0  0/0    14:39   0:04   0:00 
Calen Addison            0  0  0   3  0   0  1  3  0  1  0/0    21:40   2:58   0:58 
Emil Bemstrom            0  1  1   1  0   1  3  1  2  0  1/2    18:46   4:26   0:00 
Frederic Allard          0  0  0   1  0   1  0  0  0  0  0/0    15:55   0:00   0:06 
Jakob Pelletier          0  1  1   1  0   2  0  0  0  1  0/0    10:06   0:00   0:00 
Louis Crevier            0  0  0   0  0   1  1  1  0  0  0/0    16:30   0:00   0:00 
Luke Evangelista         0  0  0   1  0   0  1  0  0  1  0/1    17:23   0:04   0:56 
Matt Roy                 0  0  0   0  0   0  3  1  1  0  0/0    19:50   2:58   0:06 
Michael Rasmussen        1  0  1   1  0   4  0  1  2  0  0/1    18:48   3:25   0:00 
Nicholas Robertson       1  1  2   1  0   1  0  0  0  1  0/0    10:58   0:39   0:00 
Noah Gregor              1  0  1   1  0   1  3  0  0  0  1/3    10:08   0:00   0:08 
Paul Cotter              1  0  1   1  0   1  3  0  0  2  1/1    15:10   4:17   0:00 
Rasmus Kupari            0  1  1   1  0   0  0  0  1  0  1/2    10:45   0:00   0:00 
Robert Thomas            1  1  2   1  0   4  1  0  2  0  19/28  20:06   4:09   0:00 
Sami Niku                0  1  1   4  0   0  1  6  0  0  0/0    22:14   5:06   0:00 
Trey Fix-Wolansky        0  1  1   1  0   4  0  1  1  0  0/0    14:27   3:34   0:08 

3 Stars

1 - Emil Larmi (Spr)
2 - Sami Niku (Spr)
3 - Robert Thomas (Spr)

Power Play

Islander - 0 on 1 Attempt(s) - 0.00%
Thunderbirds - 1 on 5 Attempt(s) - 20.00%

Penalty Kill

Islander - 4 on 5 Attempt(s) - 80.00% - Score 0 goal in Penalty Kill
Thunderbirds - 1 on 1 Attempt(s) - 100.00% - Score 0 goal in Penalty Kill

Team Stat

Islander - Hits : 25 - Faceoff Wins : 20 - Blocked Shots : 12 - Penalty Minutes : 10
Thunderbirds - Hits : 24 - Faceoff Wins : 26 - Blocked Shots : 14 - Penalty Minutes : 2

Official

Referees : Chris Schlenker and Wes McCauley
Linesman : Greg Devorski and David Brisebois

Game Notes

Frederik Dichow enters game at 9:45 of 3rd period

Finance

Level 1 -- Attendance: 2000 (100.00%) -- Ticket Income $140,000
Level 2 -- Attendance: 885 (88.50%) -- Ticket Income $35,400
Total Attendance: 2885 (96.17%)
Total Ticket Income: $175,400
Other Income: $8,770
Total Income: $184,170

Islander

5 vs 5 Forward 
   Center                   Left Wing                Right Wing               Time % Phy DF OF 
 1 Rhett Gardner            Ben Thomson              Austin Watson            40     1   2  2  
 2 Connor Dewar             Filip Zadina             Ross Colton              30     1   2  2  
 3 Alex Steeves             Noah Cates               Kirill Marchenko         20     1   2  2  
 4 Philip Tomasino          Luke Tuch                Steven Spinner           10     1   2  2  

5 vs 5 Defense 
   Defense                  Defense                                           Time % Phy DF OF 
 1 Jake Walman              Jakub Galvas                                      40     1   2  2  
 2 Alexander Yelesin        Casey Staum                                       30     1   2  2  
 3 Ronnie Attard            Ville Heinola                                     20     1   2  2  
 4 Jake Walman              Jakub Galvas                                      10     1   2  2  

PowerPlay Forward 
   Center                   Left Wing                Right Wing               Time % Phy DF OF 
 1 Rhett Gardner            Ben Thomson              Austin Watson            60     1   2  2  
 2 Connor Dewar             Filip Zadina             Ross Colton              40     1   2  2  

PowerPlay Defense
   Defense                  Defense                                           Time % Phy DF OF 
 1 Jake Walman              Jakub Galvas                                      60     1   2  2  
 2 Alexander Yelesin        Casey Staum                                       40     1   2  2  

Penalty Kill 4 Players Forward 
   Center                   Wing                     Time % Phy DF OF 
 1 Rhett Gardner            Ben Thomson              60     1   2  2  
 2 Connor Dewar             Filip Zadina             40     1   2  2  

Penalty Kill 4 Players Defense
   Defense                  Defense                  Time % Phy DF OF 
 1 Jake Walman              Jakub Galvas             60     1   2  2  
 2 Alexander Yelesin        Casey Staum              40     1   2  2  

Penalty Kill - 3 Players Forward 
   Forward                                           Time % Phy DF OF 
 1 Rhett Gardner                                     60     1   2  2  
 2 Connor Dewar                                      40     1   2  2  

Penalty Kill - 3 Players Defense
   Defense                  Defense                  Time % Phy DF OF 
 1 Jake Walman              Jakub Galvas             60     1   2  2  
 2 Alexander Yelesin        Casey Staum              40     1   2  2  

4 vs 4 Forward 
   Center                   Wing                     Time % Phy DF OF 
 1 Rhett Gardner            Ben Thomson              60     1   2  2  
 2 Connor Dewar             Filip Zadina             40     1   2  2  

4 vs 4 Defense
   Defense                  Defense                  Time % Phy DF OF 
 1 Jake Walman              Jakub Galvas             60     1   2  2  
 2 Alexander Yelesin        Casey Staum              40     1   2  2  

Last Minutes Offensive
   Center                   Left Wing                Right Wing               Defense                  Defense                  
   Rhett Gardner            Ben Thomson              Austin Watson            Jake Walman              Jakub Galvas             

Last Minutes Defensive
   Center                   Left Wing                Right Wing               Defense                  Defense                  
   Rhett Gardner            Ben Thomson              Austin Watson            Jake Walman              Jakub Galvas             

Goaltenders
Starting : Chris Driedger           
Backup : Frederik Dichow          

Extra Forwards
Normal : Filip Zadina, Kirill Marchenko, Noah Cates - PP : Filip Zadina, Kirill Marchenko - PK : Filip Zadina
Extra Defensemen
Normal : Casey Staum, Ronnie Attard, Ville Heinola - PP : Casey Staum - PK : Casey Staum, Ronnie Attard
Penalty Shots
Austin Watson, Ben Thomson, Rhett Gardner, Ross Colton, Filip Zadina
Custom OT Lines Forwards
Austin Watson, Ben Thomson, Rhett Gardner, Ross Colton, Filip Zadina, Kirill Marchenko, Noah Cates, Connor Dewar, Alex Steeves, Steven Spinner
Custom OT Lines Defensemen
Jake Walman, Jakub Galvas, Alexander Yelesin, Casey Staum, Ronnie Attard

Scratches
Jake Neighbours (Sprained Left Finger Injury), Wyatt Kaiser (Healthy), Yegor Chinakhov (Healthy), Danil Gushchin (Healthy), Jaden Lindo (Healthy)
Samuel Knazko (Healthy), Marcus Davidsson (Healthy), Pavel Koltygin (Healthy)

Thunderbirds

5 vs 5 Forward 
   Center                   Left Wing                Right Wing               Time % Phy DF OF 
 1 Robert Thomas            Michael Rasmussen        Luke Evangelista         40     1   2  2  
 2 Anthony Richard          Artturi Lehkonen         Emil Bemstrom            30     1   2  2  
 3 Rasmus Kupari            Paul Cotter              Trey Fix-Wolansky        20     1   2  2  
 4 Noah Gregor              Jakob Pelletier          Nicholas Robertson       10     1   2  2  

5 vs 5 Defense 
   Defense                  Defense                                           Time % Phy DF OF 
 1 Matt Roy                 Alex Vlasic                                       40     1   2  2  
 2 Frederic Allard          Sami Niku                                         30     1   2  2  
 3 Louis Crevier            Calen Addison                                     20     1   2  2  
 4 Calen Addison            Sami Niku                                         10     1   2  2  

PowerPlay Forward 
   Center                   Left Wing                Right Wing               Time % Phy DF OF 
 1 Robert Thomas            Paul Cotter              Emil Bemstrom            60     1   2  2  
 2 Anthony Richard          Michael Rasmussen        Trey Fix-Wolansky        40     1   2  2  

PowerPlay Defense
   Defense                  Defense                                           Time % Phy DF OF 
 1 Sami Niku                Alex Vlasic                                       60     1   2  2  
 2 Matt Roy                 Calen Addison                                     40     1   2  2  

Penalty Kill 4 Players Forward 
   Center                   Wing                     Time % Phy DF OF 
 1 Anthony Richard          Luke Evangelista         60     1   2  2  
 2 Noah Gregor              Trey Fix-Wolansky        40     1   2  2  

Penalty Kill 4 Players Defense
   Defense                  Defense                  Time % Phy DF OF 
 1 Alex Vlasic              Calen Addison            60     1   2  2  
 2 Matt Roy                 Frederic Allard          40     1   2  2  

Penalty Kill - 3 Players Forward 
   Forward                                           Time % Phy DF OF 
 1 Anthony Richard                                   60     1   2  2  
 2 Noah Gregor                                       40     1   2  2  

Penalty Kill - 3 Players Defense
   Defense                  Defense                  Time % Phy DF OF 
 1 Calen Addison            Alex Vlasic              60     1   2  2  
 2 Matt Roy                 Frederic Allard          40     1   2  2  

4 vs 4 Forward 
   Center                   Wing                     Time % Phy DF OF 
 1 Robert Thomas            Michael Rasmussen        60     1   2  2  
 2 Noah Gregor              Artturi Lehkonen         40     1   2  2  

4 vs 4 Defense
   Defense                  Defense                  Time % Phy DF OF 
 1 Alex Vlasic              Sami Niku                60     1   2  2  
 2 Matt Roy                 Calen Addison            40     1   2  2  

Last Minutes Offensive
   Center                   Left Wing                Right Wing               Defense                  Defense                  
   Robert Thomas            Michael Rasmussen        Luke Evangelista         Calen Addison            Sami Niku                

Last Minutes Defensive
   Center                   Left Wing                Right Wing               Defense                  Defense                  
   Noah Gregor              Artturi Lehkonen         Trey Fix-Wolansky        Alex Vlasic              Frederic Allard          

Goaltenders
Starting : Emil Larmi               
Backup : Arturs Silovs            

Extra Forwards
Normal : Trey Fix-Wolansky, Luke Evangelista, Jakob Pelletier - PP : Nicholas Robertson, Artturi Lehkonen - PK : Luke Evangelista
Extra Defensemen
Normal : Frederic Allard, Sami Niku, Calen Addison - PP : Sami Niku - PK : Frederic Allard, Louis Crevier
Penalty Shots
Anthony Richard, Nicholas Robertson, Rasmus Kupari, Trey Fix-Wolansky, Emil Bemstrom
Custom OT Lines Forwards
Noah Gregor, Trey Fix-Wolansky, Robert Thomas, Anthony Richard, Paul Cotter, Emil Bemstrom, Artturi Lehkonen, Michael Rasmussen, Nicholas Robertson, Jakob Pelletier
Custom OT Lines Defensemen
Sami Niku, Alex Vlasic, Louis Crevier, Frederic Allard, Matt Roy

Scratches
Brendan Brisson (Healthy), Sean Farrell (Healthy), Dylan Sikura (Healthy), Jared McIsaac (Healthy), Joel Blomqvist (Healthy)

% Time on Ice - Islander

Lines # - Real PCT - Wanted PCT - Time Play
Normal Forward
1 - 33% - 40% - 16:34
2 - 29% - 30% - 14:35
3 - 21% - 20% - 10:37
4 - 18% - 10% - 9:06
Normal Defense
1 - 38% - 40% - 19:16
2 - 31% - 30% - 15:39
3 - 27% - 20% - 13:59
4 - 4% - 10% - 1:58
PP Forward
1 - 63% - 60% - 0:40
2 - 38% - 40% - 0:24
PP Defense
1 - 100% - 60% - 1:04
2 - 0% - 40% - 0:00
PK Forward
1 - 77% - 60% - 6:14
2 - 23% - 40% - 1:50
PK Defense
1 - 62% - 60% - 4:59
2 - 38% - 40% - 3:05
PK3 Forward
1 - 0% - 60%
2 - 0% - 40%
PK3 Defense
1 - 0% - 60%
2 - 0% - 40%
44 Forward
1 - 0% - 60%
2 - 0% - 40%
44 Defense
1 - 0% - 60%
2 - 0% - 40%
Last Minute Offensive  - 0:00
Last Minute Defensive  - 0:00
Total
Forward - 60:00
Defense - 60:00

% Time on Ice - Thunderbirds

Lines # - Real PCT - Wanted PCT - Time Play
Normal Forward
1 - 31% - 40% - 15:46
2 - 28% - 30% - 14:21
3 - 21% - 20% - 10:45
4 - 20% - 10% - 10:00
Normal Defense
1 - 38% - 40% - 19:06
2 - 27% - 30% - 13:58
3 - 20% - 20% - 10:09
4 - 15% - 10% - 7:39
PP Forward
1 - 56% - 60% - 4:30
2 - 44% - 40% - 3:34
PP Defense
1 - 63% - 60% - 5:06
2 - 37% - 40% - 2:58
PK Forward
1 - 88% - 60% - 0:56
2 - 13% - 40% - 0:08
PK Defense
1 - 91% - 60% - 0:58
2 - 9% - 40% - 0:06
PK3 Forward
1 - 0% - 60%
2 - 0% - 40%
PK3 Defense
1 - 0% - 60%
2 - 0% - 40%
44 Forward
1 - 0% - 60%
2 - 0% - 40%
44 Defense
1 - 0% - 60%
2 - 0% - 40%
Last Minute Offensive  - 0:00
Last Minute Defensive  - 0:00
Total
Forward - 60:00
Defense - 60:00

Play-by-Play

1st period


0:01 of 1st period - Robert Thomas wins face-off versus Rhett Gardner in neutral zone.
1:18 of 1st period - Snap shot by Philip Tomasino.
1:18 of 1st period - Stopped by Emil Larmi without a rebound.
1:19 of 1st period - Robert Thomas wins face-off versus Kirill Marchenko in Thunderbirds zone.
1:19 of 1st period - Robert Thomas is hit by Kirill Marchenko.
1:29 of 1st period - Snap shot by Robert Thomas.
1:29 of 1st period - Stopped by Chris Driedger without a rebound.
1:30 of 1st period - Robert Thomas wins face-off versus Connor Dewar in Islander zone.
1:33 of 1st period - Wrist shot by Michael Rasmussen.
1:33 of 1st period - Shot Misses the Net.
1:35 of 1st period - Slapshot by Matt Roy.
1:35 of 1st period - Shot Misses the Net.
1:37 of 1st period - Snap shot by Robert Thomas.
1:37 of 1st period - Shot Misses the Net.
1:55 of 1st period - Matt Roy is hit by Kirill Marchenko and loses puck.
2:56 of 1st period - Minor Penalty to Luke Tuch for Tripping.
2:57 of 1st period - Robert Thomas wins face-off versus Rhett Gardner in Islander zone.
3:02 of 1st period - Slapshot by Emil Bemstrom.
3:02 of 1st period - Shot Blocked by Ben Thomson.
3:04 of 1st period - Snap shot by Robert Thomas.
3:04 of 1st period - Goal by Robert Thomas - Islander : 0 - Thunderbirds : 1.
3:05 of 1st period - Connor Dewar wins face-off versus Robert Thomas in neutral zone.
3:30 of 1st period - Austin Watson is hit by Artturi Lehkonen and loses puck.
4:04 of 1st period - Noah Cates is hit by Matt Roy and loses puck.
5:00 of 1st period - Off-side.
5:01 of 1st period - Robert Thomas wins face-off versus Ben Thomson in neutral zone.
5:12 of 1st period - Frederic Allard is hit by Rhett Gardner and loses puck.
6:10 of 1st period - Slapshot by Michael Rasmussen.
6:10 of 1st period - Stopped by Chris Driedger with a rebound.
6:22 of 1st period - Anthony Richard is hit by Connor Dewar and loses puck.
6:27 of 1st period - Slapshot by Ross Colton.
6:27 of 1st period - Shot Misses the Net.
6:29 of 1st period - Wrist shot by Connor Dewar.
6:29 of 1st period - Shot Blocked by Calen Addison.
6:43 of 1st period - Wrist shot by Noah Gregor.
6:43 of 1st period - Shot Misses the Net.
7:32 of 1st period - Alexander Yelesin is hit by Artturi Lehkonen and loses puck.
8:35 of 1st period - Alexander Yelesin is hit by Anthony Richard and loses puck.
8:50 of 1st period - Luke Tuch is hit by Luke Evangelista.
9:15 of 1st period - Snap shot by Philip Tomasino.
9:15 of 1st period - Stopped by Emil Larmi with a rebound.
9:42 of 1st period - Calen Addison is hit by Jake Walman and loses puck.
10:20 of 1st period - Luke Tuch is hit by Paul Cotter.
10:28 of 1st period - Luke Tuch is hit by Paul Cotter.
10:32 of 1st period - Wrist shot by Ronnie Attard.
10:32 of 1st period - Deflect By Philip Tomasino.
10:32 of 1st period - Shot Misses the Net.
10:32 of 1st period - Puck is out of play.
10:33 of 1st period - Robert Thomas wins face-off versus Rhett Gardner in Thunderbirds zone.
12:35 of 1st period - Ross Colton is hit by Calen Addison and loses puck.
12:54 of 1st period - Noah Cates is hit by Emil Bemstrom.
14:16 of 1st period - Jakub Galvas is hit by Alex Vlasic and loses puck.
14:39 of 1st period - Ross Colton is hit by Matt Roy.
14:45 of 1st period - Ville Heinola is hit by Noah Gregor and loses puck.
15:32 of 1st period - Snap shot by Noah Cates.
15:32 of 1st period - Shot Misses the Net.
15:34 of 1st period - Wrist shot by Alex Steeves.
15:34 of 1st period - Shot Misses the Net.
15:36 of 1st period - Slapshot by Kirill Marchenko.
15:36 of 1st period - Shot Blocked by Sami Niku.
16:32 of 1st period - Off-side.
16:33 of 1st period - Philip Tomasino wins face-off versus Anthony Richard in neutral zone.
16:42 of 1st period - Wrist shot by Luke Tuch.
16:42 of 1st period - Deflect By Steven Spinner.
16:42 of 1st period - Shot Blocked by Emil Bemstrom.
16:42 of 1st period - Puck is out of play.
16:43 of 1st period - Robert Thomas wins face-off versus Rhett Gardner in Thunderbirds zone.
16:43 of 1st period - Robert Thomas is hit by Ben Thomson.
16:51 of 1st period - Wrist shot by Robert Thomas.
16:51 of 1st period - Shot Blocked by Alexander Yelesin.
16:53 of 1st period - Snap shot by Luke Evangelista.
16:53 of 1st period - Shot Blocked by Casey Staum.
16:55 of 1st period - Wrist shot by Alex Vlasic.
16:55 of 1st period - Deflect By Robert Thomas.
16:55 of 1st period - Stopped by Chris Driedger without a rebound.
16:56 of 1st period - Rhett Gardner wins face-off versus Robert Thomas in Islander zone.
16:58 of 1st period - Minor Penalty to Austin Watson for Holding.
16:59 of 1st period - Robert Thomas wins face-off versus Rhett Gardner in Islander zone.
17:38 of 1st period - Icing by Michael Rasmussen.
17:39 of 1st period - Rhett Gardner wins face-off versus Anthony Richard in Thunderbirds zone.
18:44 of 1st period - Alexander Yelesin is hit by Anthony Richard and loses puck.
18:58 of 1st period - Penalty to Austin Watson is over, Austin Watson is back on ice.
19:09 of 1st period - Snap shot by Noah Gregor.
19:09 of 1st period - Shot Misses the Net.
19:12 of 1st period - Icing by Alex Steeves.
19:13 of 1st period - Noah Gregor wins face-off versus Alex Steeves in Islander zone.
19:30 of 1st period - Slapshot by Ronnie Attard.
19:30 of 1st period - Shot Misses the Net.
19:32 of 1st period - Slapshot by Ville Heinola.
19:32 of 1st period - Stopped by Emil Larmi with a rebound.
19:34 of 1st period - Slapshot by Ronnie Attard.
19:34 of 1st period - Shot Blocked by Sami Niku.
19:36 of 1st period - Slapshot by Noah Cates.
19:36 of 1st period - Stopped by Emil Larmi without a rebound.
19:37 of 1st period - Rhett Gardner wins face-off versus Robert Thomas in Thunderbirds zone.
Goals for this period are 0 for Islander vs 1 for Thunderbirds.
Shots for this period are 4 for Islander vs 4 for Thunderbirds.

2nd period


0:01 of 2nd period - Rhett Gardner wins face-off versus Robert Thomas in neutral zone.
0:06 of 2nd period - Slapshot by Austin Watson.
0:06 of 2nd period - Shot Blocked by Matt Roy.
0:08 of 2nd period - Slapshot by Austin Watson.
0:08 of 2nd period - Stopped by Emil Larmi with a rebound.
0:10 of 2nd period - Slapshot by Jake Walman.
0:10 of 2nd period - Deflect By Robert Thomas.
0:10 of 2nd period - Stopped by Emil Larmi without a rebound.
0:11 of 2nd period - Rhett Gardner wins face-off versus Michael Rasmussen in Thunderbirds zone.
1:24 of 2nd period - Wrist shot by Alex Steeves.
1:24 of 2nd period - Stopped by Emil Larmi with a rebound.
1:34 of 2nd period - Snap shot by Kirill Marchenko.
1:34 of 2nd period - Stopped by Emil Larmi with a rebound.
2:28 of 2nd period - Slapshot by Nicholas Robertson.
2:28 of 2nd period - Goal by Nicholas Robertson - Islander : 0 - Thunderbirds : 2.
2:29 of 2nd period - Robert Thomas wins face-off versus Rhett Gardner in neutral zone.
2:40 of 2nd period - Slapshot by Michael Rasmussen.
2:40 of 2nd period - Shot Misses the Net.
2:42 of 2nd period - Slapshot by Alex Vlasic.
2:42 of 2nd period - Shot Hit the Post.
2:44 of 2nd period - Snap shot by Luke Evangelista.
2:44 of 2nd period - Shot Blocked by Jake Walman.
2:59 of 2nd period - Icing by Connor Dewar.
3:00 of 2nd period - Robert Thomas wins face-off versus Connor Dewar in Islander zone.
3:01 of 2nd period - Snap shot by Michael Rasmussen.
3:01 of 2nd period - Shot Blocked by Filip Zadina.
3:51 of 2nd period - Wrist shot by Artturi Lehkonen.
3:51 of 2nd period - Stopped by Chris Driedger with a rebound.
3:53 of 2nd period - Slapshot by Frederic Allard.
3:53 of 2nd period - Stopped by Chris Driedger with a rebound.
4:17 of 2nd period - Jakub Galvas is hit by Artturi Lehkonen and loses puck.
4:30 of 2nd period - Snap shot by Artturi Lehkonen.
4:30 of 2nd period - Shot Misses the Net.
4:32 of 2nd period - Slapshot by Frederic Allard.
4:32 of 2nd period - Shot Blocked by Jake Walman.
4:34 of 2nd period - Slapshot by Louis Crevier.
4:34 of 2nd period - Stopped by Chris Driedger with a rebound.
5:07 of 2nd period - Emil Bemstrom is hit by Ross Colton and loses puck.
5:42 of 2nd period - Louis Crevier is hit by Ross Colton and loses puck.
6:25 of 2nd period - Emil Bemstrom is hit by Jakub Galvas and loses puck.
7:04 of 2nd period - Wrist shot by Connor Dewar.
7:04 of 2nd period - Stopped by Emil Larmi without a rebound.
7:05 of 2nd period - Robert Thomas wins face-off versus Rhett Gardner in Thunderbirds zone.
7:10 of 2nd period - Wrist shot by Austin Watson.
7:10 of 2nd period - Shot Misses the Net.
7:12 of 2nd period - Snap shot by Rhett Gardner.
7:12 of 2nd period - Stopped by Emil Larmi with a rebound.
7:51 of 2nd period - Slapshot by Noah Gregor.
7:51 of 2nd period - Shot Misses the Net.
7:53 of 2nd period - Slapshot by Jakob Pelletier.
7:53 of 2nd period - Stopped by Chris Driedger without a rebound.
7:54 of 2nd period - Robert Thomas wins face-off versus Philip Tomasino in Islander zone.
8:01 of 2nd period - Ronnie Attard is hit by Robert Thomas and loses puck.
8:52 of 2nd period - Snap shot by Noah Gregor.
8:52 of 2nd period - Goal by Noah Gregor - Islander : 0 - Thunderbirds : 3.
8:53 of 2nd period - Robert Thomas wins face-off versus Austin Watson in neutral zone.
9:23 of 2nd period - Michael Rasmussen is hit by Philip Tomasino and loses puck.
10:01 of 2nd period - Off-side.
10:02 of 2nd period - Rhett Gardner wins face-off versus Rasmus Kupari in neutral zone.
10:09 of 2nd period - Snap shot by Ben Thomson.
10:09 of 2nd period - Shot Blocked by Sami Niku.
10:11 of 2nd period - Wrist shot by Austin Watson.
10:11 of 2nd period - Shot Misses the Net.
10:13 of 2nd period - Slapshot by Ronnie Attard.
10:13 of 2nd period - Stopped by Emil Larmi with a rebound.
10:15 of 2nd period - Slapshot by Rhett Gardner.
10:15 of 2nd period - Shot Misses the Net.
10:17 of 2nd period - Slapshot by Ronnie Attard.
10:17 of 2nd period - Shot Blocked by Sami Niku.
10:19 of 2nd period - Snap shot by Ville Heinola.
10:19 of 2nd period - Stopped by Emil Larmi with a rebound.
10:37 of 2nd period - Snap shot by Rhett Gardner.
10:37 of 2nd period - Shot Misses the Net.
12:01 of 2nd period - Snap shot by Rasmus Kupari.
12:01 of 2nd period - Shot Blocked by Ville Heinola.
12:31 of 2nd period - Snap shot by Austin Watson.
12:31 of 2nd period - Shot Blocked by Trey Fix-Wolansky.
12:33 of 2nd period - Wrist shot by Ben Thomson.
12:33 of 2nd period - Stopped by Emil Larmi with a rebound.
12:53 of 2nd period - Wrist shot by Trey Fix-Wolansky.
12:53 of 2nd period - Stopped by Chris Driedger with a rebound.
13:17 of 2nd period - Snap shot by Austin Watson.
13:17 of 2nd period - Deflect By Trey Fix-Wolansky.
13:17 of 2nd period - Shot Blocked by Sami Niku.
13:17 of 2nd period - Puck is out of play.
13:18 of 2nd period - Robert Thomas wins face-off versus Alex Steeves in Thunderbirds zone.
13:33 of 2nd period - Snap shot by Michael Rasmussen.
13:33 of 2nd period - Shot Blocked by Alex Steeves.
13:43 of 2nd period - Alex Vlasic is hit by Philip Tomasino and loses puck.
14:45 of 2nd period - Emil Bemstrom is hit by Philip Tomasino and loses puck.
15:44 of 2nd period - Noah Cates is hit by Artturi Lehkonen.
16:33 of 2nd period - Icing by Noah Cates.
16:34 of 2nd period - Philip Tomasino wins face-off versus Noah Gregor in Islander zone.
17:00 of 2nd period - Frederic Allard is hit by Alex Steeves and loses puck.
17:14 of 2nd period - Icing by Ross Colton.
17:15 of 2nd period - Kirill Marchenko wins face-off versus Noah Gregor in Islander zone.
17:20 of 2nd period - Casey Staum is hit by Noah Gregor and loses puck.
17:37 of 2nd period - Slapshot by Michael Rasmussen.
17:37 of 2nd period - Shot Blocked by Alexander Yelesin.
17:49 of 2nd period - Sami Niku is hit by Alex Steeves and loses puck.
19:23 of 2nd period - Trey Fix-Wolansky is hit by Rhett Gardner and loses puck.
Goals for this period are 0 for Islander vs 2 for Thunderbirds.
Shots for this period are 9 for Islander vs 7 for Thunderbirds.

3rd period


0:01 of 3rd period - Robert Thomas wins face-off versus Rhett Gardner in neutral zone.
0:14 of 3rd period - Snap shot by Rhett Gardner.
0:14 of 3rd period - Deflect By Austin Watson.
0:14 of 3rd period - Shot Blocked by Calen Addison.
0:14 of 3rd period - Puck is out of play.
0:15 of 3rd period - Rhett Gardner wins face-off versus Robert Thomas in Thunderbirds zone.
0:16 of 3rd period - Snap shot by Ben Thomson.
0:16 of 3rd period - Shot Misses the Net.
0:18 of 3rd period - Slapshot by Jake Walman.
0:18 of 3rd period - Shot Blocked by Louis Crevier.
0:20 of 3rd period - Snap shot by Austin Watson.
0:20 of 3rd period - Stopped by Emil Larmi without a rebound.
0:21 of 3rd period - Robert Thomas wins face-off versus Rhett Gardner in Thunderbirds zone.
0:26 of 3rd period - Rhett Gardner is hit by Louis Crevier.
0:50 of 3rd period - Snap shot by Artturi Lehkonen.
0:50 of 3rd period - Stopped by Chris Driedger without a rebound.
0:51 of 3rd period - Anthony Richard wins face-off versus Rhett Gardner in Islander zone.
0:54 of 3rd period - Snap shot by Emil Bemstrom.
0:54 of 3rd period - Shot Misses the Net.
1:20 of 3rd period - Snap shot by Artturi Lehkonen.
1:20 of 3rd period - Stopped by Chris Driedger without a rebound.
1:21 of 3rd period - Robert Thomas wins face-off versus Connor Dewar in Islander zone.
1:23 of 3rd period - Minor Penalty to Filip Zadina for Delaying the game.
1:24 of 3rd period - Rhett Gardner wins face-off versus Emil Bemstrom in Islander zone.
1:36 of 3rd period - Snap shot by Emil Bemstrom.
1:36 of 3rd period - Stopped by Chris Driedger with a rebound.
1:58 of 3rd period - Connor Dewar is hit by Sami Niku and loses puck.
2:09 of 3rd period - Snap shot by Jake Walman.
2:09 of 3rd period - Shot Blocked by Sami Niku.
2:33 of 3rd period - Ben Thomson is hit by Emil Bemstrom.
3:23 of 3rd period - Penalty to Filip Zadina is over, Filip Zadina is back on ice.
3:28 of 3rd period - Slapshot by Sami Niku.
3:28 of 3rd period - Deflect By Jakob Pelletier.
3:28 of 3rd period - Stopped by Chris Driedger with a rebound.
4:06 of 3rd period - Nicholas Robertson is hit by Steven Spinner and loses puck.
4:17 of 3rd period - Louis Crevier is hit by Rhett Gardner and loses puck.
5:03 of 3rd period - Wrist shot by Filip Zadina.
5:03 of 3rd period - Shot Misses the Net.
5:39 of 3rd period - Alex Vlasic is hit by Ross Colton and loses puck.
6:08 of 3rd period - Noah Cates is hit by Paul Cotter and loses puck.
6:25 of 3rd period - Sami Niku is hit by Casey Staum and loses puck.
6:56 of 3rd period - Emil Bemstrom is hit by Luke Tuch.
7:30 of 3rd period - Jakub Galvas is hit by Matt Roy and loses puck.
8:01 of 3rd period - Snap shot by Robert Thomas.
8:01 of 3rd period - Shot Misses the Net.
8:03 of 3rd period - Snap shot by Michael Rasmussen.
8:03 of 3rd period - Stopped by Chris Driedger with a rebound.
8:36 of 3rd period - Wrist shot by Trey Fix-Wolansky.
8:36 of 3rd period - Stopped by Chris Driedger without a rebound.
8:37 of 3rd period - Connor Dewar wins face-off versus Robert Thomas in Islander zone.
8:46 of 3rd period - Robert Thomas is hit by Filip Zadina.
9:06 of 3rd period - Slapshot by Filip Zadina.
9:06 of 3rd period - Shot Misses the Net.
9:43 of 3rd period - Snap shot by Robert Thomas.
9:43 of 3rd period - Shot Blocked by Ross Colton.
9:45 of 3rd period - Snap shot by Michael Rasmussen.
9:45 of 3rd period - Goal by Michael Rasmussen - Islander : 0 - Thunderbirds : 4.
9:45 of 3rd period - Frederik Dichow enters game.
9:46 of 3rd period - Emil Bemstrom wins face-off versus Rhett Gardner in neutral zone.
9:49 of 3rd period - Slapshot by Matt Roy.
9:49 of 3rd period - Deflect By Anthony Richard.
9:49 of 3rd period - Stopped by Frederik Dichow without a rebound.
9:50 of 3rd period - Rhett Gardner wins face-off versus Anthony Richard in Islander zone.
10:04 of 3rd period - Snap shot by Emil Bemstrom.
10:04 of 3rd period - Shot Blocked by Jakub Galvas.
10:06 of 3rd period - Slapshot by Matt Roy.
10:06 of 3rd period - Shot Blocked by Jake Walman.
10:16 of 3rd period - Snap shot by Trey Fix-Wolansky.
10:16 of 3rd period - Stopped by Frederik Dichow without a rebound.
10:17 of 3rd period - Rasmus Kupari wins face-off versus Alex Steeves in Islander zone.
10:18 of 3rd period - Snap shot by Trey Fix-Wolansky.
10:18 of 3rd period - Stopped by Frederik Dichow with a rebound.
10:20 of 3rd period - Snap shot by Paul Cotter.
10:20 of 3rd period - Goal by Paul Cotter - Islander : 0 - Thunderbirds : 5.
10:21 of 3rd period - Robert Thomas wins face-off versus Rhett Gardner in neutral zone.
10:29 of 3rd period - Minor Penalty to Jakub Galvas for Tripping.
10:30 of 3rd period - Paul Cotter wins face-off versus Rhett Gardner in Islander zone.
10:44 of 3rd period - Snap shot by Robert Thomas.
10:44 of 3rd period - Stopped by Frederik Dichow with a rebound.
11:20 of 3rd period - Jake Walman is hit by Emil Bemstrom and loses puck.
12:29 of 3rd period - Penalty to Jakub Galvas is over, Jakub Galvas is back on ice.
12:50 of 3rd period - Jake Walman is hit by Noah Gregor and loses puck.
13:28 of 3rd period - Nicholas Robertson is hit by Austin Watson and loses puck.
13:41 of 3rd period - Frederic Allard is hit by Noah Cates.
14:26 of 3rd period - Matt Roy is hit by Rhett Gardner and loses puck.
15:01 of 3rd period - Snap shot by Connor Dewar.
15:01 of 3rd period - Stopped by Emil Larmi without a rebound.
15:02 of 3rd period - Connor Dewar wins face-off versus Luke Evangelista in Thunderbirds zone.
15:03 of 3rd period - Snap shot by Filip Zadina.
15:03 of 3rd period - Deflect By Connor Dewar.
15:03 of 3rd period - Stopped by Emil Larmi with a rebound.
15:05 of 3rd period - Snap shot by Ross Colton.
15:05 of 3rd period - Stopped by Emil Larmi without a rebound.
15:06 of 3rd period - Ben Thomson wins face-off versus Robert Thomas in Thunderbirds zone.
15:09 of 3rd period - Wrist shot by Ben Thomson.
15:09 of 3rd period - Stopped by Emil Larmi with a rebound.
15:15 of 3rd period - Slapshot by Calen Addison.
15:15 of 3rd period - Deflect By Robert Thomas.
15:15 of 3rd period - Shot Misses the Net.
15:15 of 3rd period - Puck is out of play.
15:16 of 3rd period - Robert Thomas wins face-off versus Rhett Gardner in Islander zone.
15:43 of 3rd period - Slapshot by Robert Thomas.
15:43 of 3rd period - Shot Misses the Net.
15:45 of 3rd period - Wrist shot by Michael Rasmussen.
15:45 of 3rd period - Shot Misses the Net.
15:49 of 3rd period - Snap shot by Michael Rasmussen.
15:49 of 3rd period - Stopped by Frederik Dichow with a rebound.
15:51 of 3rd period - Snap shot by Michael Rasmussen.
15:51 of 3rd period - Shot Misses the Net.
16:00 of 3rd period - Minor Penalty to Austin Watson for High sticking.
16:01 of 3rd period - Rhett Gardner wins face-off versus Robert Thomas in Islander zone.
17:07 of 3rd period - Anthony Richard is hit by Rhett Gardner and loses puck.
18:00 of 3rd period - Penalty to Austin Watson is over, Austin Watson is back on ice.
18:15 of 3rd period - Icing by Ville Heinola.
18:16 of 3rd period - Alex Steeves wins face-off versus Robert Thomas in Islander zone.
18:27 of 3rd period - Snap shot by Noah Cates.
18:27 of 3rd period - Shot Blocked by Michael Rasmussen.
18:33 of 3rd period - Snap shot by Kirill Marchenko.
18:33 of 3rd period - Deflect By Noah Cates.
18:33 of 3rd period - Shot Misses the Net.
18:33 of 3rd period - Puck is out of play.
18:34 of 3rd period - Anthony Richard wins face-off versus Rhett Gardner in Thunderbirds zone.
18:39 of 3rd period - Snap shot by Anthony Richard.
18:39 of 3rd period - Shot Misses the Net.
18:42 of 3rd period - Icing by Jake Walman.
18:43 of 3rd period - Rhett Gardner wins face-off versus Anthony Richard in Islander zone.
18:55 of 3rd period - Minor Penalty to Artturi Lehkonen for Roughing.
18:56 of 3rd period - Ben Thomson wins face-off versus Anthony Richard in Thunderbirds zone.
19:12 of 3rd period - Snap shot by Jake Walman.
19:12 of 3rd period - Stopped by Emil Larmi without a rebound.
19:13 of 3rd period - Anthony Richard wins face-off versus Rhett Gardner in Thunderbirds zone.
19:26 of 3rd period - Snap shot by Rhett Gardner.
19:26 of 3rd period - Shot Blocked by Calen Addison.
Goals for this period are 0 for Islander vs 2 for Thunderbirds.
Shots for this period are 6 for Islander vs 13 for Thunderbirds.